 Dungeon Crawl Stone Soup version 0.24.0-123-gd5b16e6ec5 (webtiles) character file.

Game seed: 15539015341296038032, levelgen mode: deterministic

84 ReteAZ the Ruffian (level 4, -5/44 HPs)
             Began as a Troll Fighter on Jan 3, 2020.
             Slain by Natasha (9 damage)
             ... on level 2 of the Dungeon.
             The game lasted 00:01:56 (1484 turns).

ReteAZ the Ruffian (Troll Fighter)                  Turns: 1484, Time: 00:01:57

Health: -5/44      AC:  7    Str: 25    XL:     4   Next: 24%
Magic:  3/3        EV:  8    Int:  4    God:
Gold:   57         SH:  9    Dex:  9    Spells: 3/3 levels left

rFire    . . .     SeeInvis .     - Unarmed
rCold    . . .     Gourm    +   b - +0 shield
rNeg     . . .     Faith    .   a - +0 robe
rPois    .         Spirit   .   (helmet restricted)
rElec    .         Reflect  .   m - +0 cloak
rCorr    +         Harm     .   (gloves unavailable)
MR       .....                  (boots unavailable)
Stlth    +.........             (no amulet)
HPRegen  0.54/turn              j - ring of resist corrosion
MPRegen  0.08/turn              (no ring)

@: no status effects
A: large, unfitting armour, claws 3, fast metabolism 3, gourmand, regeneration
1, shaggy fur 1, tough skin 3
a: no special abilities


You were on level 2 of the Dungeon.
You were very full.

You visited 1 branch of the dungeon, and saw 2 of its levels.

You collected 57 gold pieces.

Inventory:

Armour
 a - a +0 robe (worn)
 b - a +0 shield (worn)
 m - a +0 cloak (worn)
Jewellery
 j - a ring of resist corrosion (left claw)
Scrolls
 e - a scroll of enchant armour {unknown}
 f - a scroll of noise {unknown}
 h - 2 scrolls of fog {unknown}
 i - 4 scrolls of amnesia {unknown}
 l - 5 scrolls of remove curse {unknown}
 o - a scroll of identify {unknown}
Potions
 c - 2 potions of might
 g - a potion of cancellation {unknown}
 k - 2 potions of mutation {unknown}
 n - a potion of curing {unknown}
Comestibles
 d - 4 rations


   Skills:
 + Level 2.8 Fighting
 + Level 1.2 Armour
 - Level 2.4 Dodging
 + Level 2.8 Shields
 * Level 3.2 Unarmed Combat


You had 3 spell levels left.
You didn't know any spells.
Your spell library was empty.

Dungeon Overview and Level Annotations

Branches:
Dungeon (2/15)

Altars:

Annotations:
D:2 Natasha


Innate Abilities, Weirdness & Mutations

You are too large for most types of armour.
You have claws for hands.
Your metabolism is lightning-fast.
You like to eat raw meat.
Your natural rate of healing is unusually fast.
You are covered in fur. (AC +1)
You have extremely tough skin. (AC +3)


Message History

Natasha claws you! The white imp gestures at you.
The puff of frost hits you but does no damage.
You block the iron imp's attack.
You scratch Natasha but do no damage.
Natasha is almost dead.
Natasha claws you but does no damage.
The white imp hits you but does no damage.
You miss Natasha.
Natasha is almost dead.
The iron imp hits you!
* * * LOW HITPOINT WARNING * * *
You block Natasha's attack. The white imp hits you.
* * * LOW HITPOINT WARNING * * *
The white imp freezes you.
* * * LOW HITPOINT WARNING * * *
You closely miss Natasha.
Natasha is almost dead.
Natasha claws you!
You die...

######### ########## #........
#........# #........ #.######.#
#(....... ##.# #.# #5..).... ###
...# #.# #5h)..... ... ...# #.#
#@5...# #.####
...######.######.###.# #.##..
.................# #.# #.##.###
........#.##########.# #.##.#..
.#.................#.#####.##.#.#
.#........########.#.#...#.##.#.#
..........................>...#.#
.#......##.#####.#.#.#.....#....#
.#......'...รท....#.#(#.#####.####


You could see an iron imp, Natasha and 2 white imps.

Vanquished Creatures
  4 adders (D:2)
  An ooze (D:2)
  3 dart slugs
  A leopard gecko (D:2)
  A ball python (D:1)
  7 bats
  A giant cockroach (D:1)
  5 hobgoblins
  6 goblins
  4 kobolds
  5 rats
38 creatures vanquished.

Notes
Turn   | Place    | Note
-------+----------+-------------------------------------------
     0 | D:1      | ReteAZ the Troll Fighter began the quest for the Orb.
     0 | D:1      | Reached XP level 1. HP: 22/22 MP: 0/0
   113 | D:1      | Reached XP level 2. HP: 29/29 MP: 1/1
   745 | D:2      | Reached XP level 3. HP: 12/36 MP: 2/2
   776 | D:2      | Reached skill level 1 in Armour
   837 | D:2      | Reached skill level 3 in Unarmed Combat
  1202 | D:2      | Reached XP level 4. HP: 44/44 MP: 3/3
  1464 | D:2      | Noticed Natasha
  1484 | D:2      | Slain by Natasha

Levels and vault maps discovered:
D:1:      dpeg_arrival_prison, layout_basic, minmay_fountain_box,
          grunt_decor_resistance
D:2:      layout_basic, minmay_quadrilaterals, uniq_natasha

Skill      XL: |  1  2  3 |
---------------+----------+-----
Armour         | 1 |  1.2
Unarmed Combat | 3 |  3.2
Fighting       | |  2.8
Dodging        | |  2.4
Shields        | |  2.8

Action                   |  1- 3 |  4- 6 || total
-------------------------+-------+-------++-------
Melee: Unarmed           |   111 |    37 ||   148
  Eat: Chunk             |    16 |     1 ||    17
Armor: Robe              |    32 |    14 ||    46
Dodge: Dodged            |    41 |     5 ||    46
Block: Shield            |    54 |    12 ||    66
